 Dungeon Crawl Stone Soup version 0.32-a0-913-g739538afd8 (webtiles) character file.

Game seed: 15429753420703242963

842 hecktor the Covert (level 8, 0/50 HPs)
             Began as an Octopode Hunter on Apr 7, 2024.
             Slain by a kobold
             ... wielding a +0 dagger
              (4 damage)
             ... on level 4 of the Dungeon.
             The game lasted 00:05:50 (2697 turns).

hecktor the Covert (Octopode Hunter)                Turns: 2697, Time: 00:05:51

Health: 0/50       AC: -7    Str: 11    XL:     8   Next: 0%
Magic:  8/8        EV: 15    Int: 11    God:
Gold:   188        SH:  0    Dex: 17    Spells: 7/7 levels left

rFire   . . .        b - +0 dagger
rCold   . . .        (no shield)
rNeg    . . .        (helmet restricted)
rPois   .            (no amulet)
rElec   .            (no ring)
rCorr   .            (no ring)
SInv    .            (no ring)
Will    .....        (no ring)
Stlth   +++++        (no ring)
HPRegen 0.28/turn    (no ring)
MPRegen 0.11/turn    (no ring)
                     (no ring)

%: no passive effects
@: corroded
A: almost no armour, amphibious, 8 rings, camouflage 1, gelatinous body 1,
(nimble swimmer 1), tentacles
a: no special abilities


You were on level 4 of the Dungeon.
You visited 1 branch of the dungeon, and saw 4 of its levels.

You collected 188 gold pieces.

Inventory:

Hand Weapons
 a - a +0 shortbow
 b - a +0 dagger (weapon)
Missiles
 f - 4 poisoned darts (quivered)
Magical Staves
 q - a staff of air
Jewellery
 m - a +6 ring of dexterity
Talismans
 j - a blade talisman
Wands
 n - a wand of acid (7)
Scrolls
 e - a scroll of amnesia {unknown}
 g - 3 scrolls of identify {unknown}
 i - a scroll of immolation {unknown}
 k - a scroll of poison {unknown}
 o - a scroll of fear {unknown}
 r - a scroll of teleportation {unknown}
Potions
 c - a potion of might {unknown}
 d - a potion of mutation {unknown}
 h - 2 potions of enlightenment {unknown}
 l - 2 potions of curing {unknown}
 p - 2 potions of brilliance {unknown}


   Skills:
 - Level 2.0 Fighting
 - Level 4.0 Ranged Weapons
 + Level 6.4 Dodging
 + Level 8.8 Stealth


You had 7 spell levels left.
You didn't know any spells.
Your spell library contained the following spells:

 Spells                   Type           Power      Damage    Failure   Level
 Shock                    Conj/Air       0%         1d3       34%         1
 Stone Arrow              Conj/Erth      0%         3d7       71%         3
 Swiftness                Air            0%         N/A       71%         3
 Tukima's Dance           Hex            0%         N/A       71%         3
 Airstrike                Air            0%         2d(0-16)  98%         4
 Dimensional Bullseye     Hex/Tloc       0%         N/A       98%         4
 Iskenderun's Mystic Bla Conj/Tloc 0%             2d3        (+2d1     98%         4
 Lehudib's Crystal Spear  Conj/Erth      0%         10d2      100%        8
 Animate Armour           Summ/Erth      Unusable   N/A       N/A         4

Dungeon Overview and Level Annotations

Branches:
Dungeon (4/15)
 Temple: D:4-7

Altars:
Fedhas

Annotations:
D:4 1 transporter, Ijyb


Innate Abilities, Weirdness & Mutations

You cannot wear most types of armour.
You are amphibious.
You can wear up to eight rings at the same time.
Your skin changes colour to match your surroundings (Stealth+).
Your rubbery body absorbs attacks. (AC +1, EV +1)
((You are camouflaged when in or above water. (Stealth+)))
You have tentacles for arms and can constrict up to eight enemies at once.


Message History

The gnoll is moderately wounded.
You constrict the gnoll. The gnoll closely misses you.
You hit the gnoll but do no damage. You squeeze the gnoll.
The gnoll is severely wounded.
You constrict the gnoll.
You kill the gnoll!
You have reached level 8!
There is a stone staircase leading down here.
There is a stone staircase leading up here.
You open the large door.
There is a large open door here.
Ijyb the Inquisitive comes into view.
She is wielding a +0 dagger and carrying a wand of acid.
Ijyb shouts!
Ijyb is nearby!
Ijyb is nearby!
Ijyb is nearby!
Ijyb is nearby!
Ijyb is nearby!
A kobold comes into view. It is wielding a +0 dagger.
You hit Ijyb but do no damage. You grab Ijyb.
You squeeze Ijyb, but do no damage. You constrict Ijyb.
You hear a shout!
Ijyb hits you with a +0 dagger.
Unknown command.
You barely miss Ijyb.
Ijyb is lightly wounded.
You constrict Ijyb. Ijyb hits you with a +0 dagger. The kobold misses you.
You hit Ijyb but do no damage. You squeeze Ijyb, but do no damage.
Ijyb is moderately wounded.
You constrict Ijyb. Ijyb barely misses you. The kobold closely misses you.
You hit Ijyb but do no damage. You squeeze Ijyb, but do no damage.
Ijyb is moderately wounded.
You constrict Ijyb.
Ijyb zaps a wand.
The bolt of acid hits you!! The acid corrodes you! The kobold misses you.
You hit Ijyb but do no damage.
Ijyb is moderately wounded.
You constrict Ijyb.
Ijyb zaps a wand.
The bolt of acid hits you!!
* * * LOW HITPOINT WARNING * * *
The acid corrodes you! The kobold hits you with a +0 dagger.
You die...

## # ##. .## ###. ...
#.. ♣..# .#.#
#>####..♣ ♣...#
..###.##.#..g♣K♣..#
#..##.##.#..♣@♣♣..#
#..##.##.##......#
####..##.##.###....###
......##.##.####''##.#
.........##.#.....##.#
#
#..##.......#.######.#
. #..#####.##.<.## #.#
# #........#.###.# #.#
...........#
#.#####.########


You could see Ijyb and a kobold.

Vanquished Creatures
  Grinder (D:3)
  Sigmund (D:3)
  A phantom (D:4)
  A scorpion (D:4)
  2 jellies (D:4)
  An orc priest (D:4)
  A sleepcap (D:3)
  Jessica (D:2)
  Natasha (twice) (D:2)
  4 gnolls (D:4)
  5 adders
  2 dart slugs
  A ribbon worm (D:2)
  2 orcs (D:4)
  4 bats
  6 endoplasms
  4 giant cockroaches
  4 goblins
  4 hobgoblins
  6 jackals (D:1)
  7 kobolds
  A quokka (D:1)
  5 ball pythons
  2 frilled lizards
  3 rats
71 creatures vanquished.

Notes
Turn   | Place    | Note
-------+----------+-------------------------------------------
     0 | D:1      | hecktor the Octopode Hunter began the quest for the Orb.
     0 | D:1      | Reached XP level 1. HP: 14/14 MP: 1/1
    59 | D:1      | Reached skill level 2 in Stealth
    68 | D:1      | Reached XP level 2. HP: 19/19 MP: 2/2
   210 | D:1      | Reached skill level 3 in Stealth
   227 | D:1      | Reached XP level 3. HP: 24/24 MP: 3/3
   680 | D:2      | Found a blossoming altar of Fedhas.
   840 | D:2      | Noticed Jessica
   851 | D:2      | Killed Jessica
   852 | D:2      | Reached XP level 4. HP: 4/29 MP: 4/4
   854 | D:2      | Reached skill level 4 in Stealth
  1184 | D:2      | Found a faded altar of an unknown god.
  1380 | D:2      | Noticed Natasha
  1382 | D:2      | Killed Natasha
  1481 | D:2      | Noticed Natasha
  1490 | D:2      | Killed Natasha
  1491 | D:2      | Reached skill level 5 in Stealth
  1491 | D:2      | Reached XP level 5. HP: 34/34 MP: 5/5
  1941 | D:3      | Noticed Grinder
  1942 | D:3      | Paralysed by Grinder for 2 turns
  1946 | D:3      | Noticed Sigmund
  1953 | D:3      | Killed Sigmund
  1954 | D:3      | Reached skill level 6 in Stealth
  1954 | D:3      | Reached XP level 6. HP: 27/39 MP: 6/6
  1956 | D:3      | Killed Grinder
  1957 | D:3      | Reached skill level 5 in Dodging
  1957 | D:3      | Reached skill level 7 in Stealth
  1957 | D:3      | Reached XP level 7. HP: 32/45 MP: 7/7
  2266 | D:4      | Reached skill level 8 in Stealth
  2290 | D:4      | Found a transporter.
  2631 | D:4      | Reached XP level 8. HP: 39/50 MP: 8/8
  2690 | D:4      | Noticed Ijyb
  2697 | D:4      | Slain by a kobold

Illustrated notes

Levels and vault maps discovered:
D:1:      dpeg_arrival_arbitrary_b, layout_loops_ring, serial_bayou_lagoon_b
D:2:      layout_basic, ebering_ecumenical_altar_mist, basic_altar,
          serial_bayou, serial_bayou_pond_a, serial_bayou_shore_b,
          serial_bayou_ford_a, serial_bayou_lagoon_a, fountainhead,
          minmay_diced_spiral, uniq_natasha, uniq_jessica
D:3:      layout_rooms, uniq_sigmund, uniq_grinder
D:4:      layout_loops_ring, gammafunk_ghost_stat_death, serial_shops,
          nicolae_shop_trees, corexii_item_surrounded_by_moat,
          kennysheep_generic_room_3, uniq_ijyb

Skill      XL: |  1  2  3  4  5  6  7 |
---------------+----------------------+-----
Stealth        | 2 3 5 6 7 8 |  8.8
Dodging        | 3 4 5 6 |  6.4
Fighting       | |  2.0
Ranged Weapons | |  4.0

Action                     |  1- 3 |  4- 6 |  7- 9 || total
---------------------------+-------+-------+-------++-------
  Melee: Dagger            |    41 |    45 |    38 ||   124
         Constrict         |    10 |    12 |    10 ||    32
         Tentacles         |     7 |     9 |    14 ||    30
   Fire: Shortbow          |    13 |    18 |    23 ||    54
  Evoke: Wand              |       |     5 |       ||     5
    Use: Scroll            |     1 |       |       ||     1
   Stab: Sleeping          |     6 |     4 |     3 ||    13
 Armour: Skin              |    18 |    28 |    11 ||    57
  Dodge: Dodged            |    37 |    33 |    19 ||    89

Table legend: (Time is in decaauts)
 A = Elapsed time spent in this place.
 B = Non-inter-level travel time spent in this place.
 C = Inter-level travel time spent in this place.
 D = Time resting spent in this place.
 E = Time spent auto-exploring this place.
 F = Levels seen in this place.
 G = Mean time per level.
                   A        B        C        D        E       F      G
               +--------+--------+--------+--------+--------+-----+--------+
         Total |   2701 |   2648 |     53 |    179 |   1966 |   4 |  675.2 |
       Dungeon |   2701 |   2648 |     53 |    179 |   1966 |   4 |  675.2 |
               +--------+--------+--------+--------+--------+-----+--------+

Top non-repeatable levels by time:
     D:2: 801 daAuts
     D:1: 768 daAuts
     D:4: 580 daAuts
     D:3: 551 daAuts
